 Dungeon Crawl Stone Soup version 0.32-a0-411-g744942f433 (webtiles) character file.

Game seed: 3202853637519518653

693 Iich the Chopper (level 7, -1/56 HPs)
             Began as a Demonspawn Fighter on Feb 19, 2024.
             Was an Initiate of Gozag.
             Incinerated by a bombardier beetle (5 damage)
             ... with a burning spray
             ... on level 5 of the Dungeon on Feb 20, 2024.
             The game lasted 00:07:59 (3880 turns).

Iich the Chopper (Demonspawn Fighter)               Turns: 3880, Time: 00:07:59

Health: -1/56      AC: 10    Str: 17 (18) XL:     7   Next: 37%
Magic:  7/7        EV: 26    Int:  6 (8)  God:    Gozag
Gold:   228        SH:  4    Dex: 11 (13) Spells: 6/6 levels left

rFire   . . .        a - +0 war axe
rCold   . . .        c - +0 buckler
rNeg    + . .        m - +2 ring mail {rPois}
rPois   +            (no helmet)
rElec   .            (no cloak)
rCorr   .            (no gloves)
SInv    .            q - +0 pair of boots
Will    .....        r - amulet of the acrobat Stlth
                     N - ring of positive energy
HPRegen 1.29/turn    (no ring)
MPRegen 0.10/turn

%: acrobat
@: on fire, gold aura, acrobatic, glowing
A: hooves 2, yellow scales 1, ignite blood 2, powered by death 1
a: Renounce Religion, Potion Petition, Call Merchant, Bribe Branch


You were on level 5 of the Dungeon.
You worshipped Gozag.
Gozag was aware of your devotion.
You visited 2 branches of the dungeon, and saw 6 of its levels.

You collected 262 gold pieces.
You paid 34 gold pieces to Gozag.

Inventory:

Hand Weapons
 a - a +0 war axe (weapon)
Armour
 c - a +0 buckler (worn)
 m - a +2 ring mail of poison resistance (worn)
 q - a +0 pair of boots (worn)
Jewellery
 r - an amulet of the acrobat (around neck)
 N - a ring of positive energy (left hand)
Wands
 o - a wand of paralysis (11)
Scrolls
 e - a scroll of fog
 g - a scroll of fear
 h - a scroll of noise
 i - a scroll of identify
 n - a scroll of amnesia
 p - a scroll of vulnerability
 s - a scroll of enchant weapon
 t - 3 scrolls of teleportation
 u - a scroll of revelation {unknown}
 v - a scroll of immolation
 w - a scroll of poison
 x - a scroll of acquirement {unknown}
Potions
 b - a potion of experience {unknown}
 d - 3 potions of might
 f - a potion of enlightenment {unknown}
 j - a potion of attraction {unknown}
 k - a potion of cancellation {unknown}
 l - a potion of haste {unknown}


   Skills:
 + Level 5.0 Fighting
 * Level 5.5 Axes
 - Level 2.6 Armour
 + Level 3.4 Dodging
 - Level 2.6 Shields


You had 6 spell levels left.
You didn't know any spells.
Your spell library contained the following spells:

 Spells                   Type           Power      Damage    Failure   Level
 Freeze                   Ice            0%         1d3       75%         1
 Frozen Ramparts          Ice            0%         1d1       98%         3
 Hailstorm                Conj/Ice       0%         3d5       98%         3
 Sculpt Simulacrum        Ice/Alch       0%         N/A       100%        6
 Ozocubu's Refrigeration  Ice            0%         4d7       100%        7
 Polar Vortex             Ice            0%         N/A       100%        9


Dungeon Overview and Level Annotations

Branches:
Dungeon (5/15)             Temple (1/1) D:4

Altars:
Dithmenos
Fedhas
Gozag
Hepliaklqana
Kikubaaqudgha
Nemelex Xobeh
Qazlal
Ru
Sif Muna
Trog
Vehumet
Wu Jian
Xom
Yredelemnul


Innate Abilities, Weirdness & Mutations

You have hoof-like feet.
You are partially covered in yellow scales. (AC +2)
Your demonic aura often causes spilled blood to erupt in flames.
You regenerate a little health from kills.


Message History

The bombardier beetle is heavily wounded.
The bombardier beetle sprays incendiary fluid at you.
The burning spray misses you.
You barely miss the bombardier beetle.
The bombardier beetle is heavily wounded.
You hit the bombardier beetle.
The bombardier beetle is heavily wounded.
The bombardier beetle barely misses you.
You barely miss the bombardier beetle.
The bombardier beetle is heavily wounded.
The bombardier beetle sprays incendiary fluid at you.
The burning spray hits you.
You are covered in liquid fire!
You barely miss the bombardier beetle.
The bombardier beetle is heavily wounded.
The liquid fire burns you!
* * * LOW HITPOINT WARNING * * *
The bombardier beetle bites you but does no damage.
You take 6 damage, and have 14/55 hp.
You hit the bombardier beetle but do no damage.
The bombardier beetle is heavily wounded.
The liquid fire burns you!
* * * LOW HITPOINT WARNING * * *
You take 3 damage, and have 11/55 hp.
You slash the bombardier beetle!
You kill the bombardier beetle!
The liquid fire burns you!
* * * LOW HITPOINT WARNING * * *
Your Fighting skill increases to level 5!
You take 4 damage, and have 7/56 hp.
You shake off some of the fire as you move.
The liquid fire burns you!
* * * LOW HITPOINT WARNING * * *
You see here 5 gold pieces.
You take 3 damage, and have 4/56 hp.
It was a potion of degeneration.
There was something very wrong with that liquid.
You feel weakened.
You feel dopey.
You feel clumsy. The liquid fire burns you!
You die...
Your body crumbles into a pile of gold.

+.......# ..##.....(.#
##.#####'######### ...#
#.# #....# #..# #.#
#.##.# #..# #.####.##.#
### #.)# #......##.#
#... #..#############.#
#.#..##$@##............#
#....$...##.############
#....##.....# #.##
#####.# #.# ###


There were no monsters in sight!

Vanquished Creatures
  A black bear (D:5)
  2 phantoms (D:4)
  2 bombardier beetles
  A hound (D:4)
  An orc priest (D:4)
  An iguana (D:4)
  3 orc wizards (D:4)
  8 adders
  A shadow imp (D:5)
  3 dart slugs
  2 ribbon worms
  8 orcs
  3 endoplasms
  4 giant cockroaches
  9 goblins
  6 hobgoblins
  4 kobolds
  4 quokkas
  7 ball pythons
  5 bats
  2 frilled lizards
  6 rats
83 creatures vanquished.

Notes
Turn   | Place    | Note
-------+----------+-------------------------------------------
     0 | D:1      | Iich the Demonspawn Fighter began the quest for the Orb.
     0 | D:1      | Reached XP level 1. HP: 18/18 MP: 1/1
   188 | D:1      | Gained mutation: You are partially covered in yellow
                  | scales. (AC +2) [demonic ancestry]
   188 | D:1      | Reached XP level 2. HP: 24/24 MP: 2/2
   371 | D:1      | Reached skill level 1 in Dodging
   495 | D:1      | Gained mutation: Your demonic aura sometimes causes spilled
                  | blood to erupt in flames. [demonic ancestry]
   495 | D:1      | Reached XP level 3. HP: 27/29 MP: 3/3
   972 | D:1      | Found a faded altar of an unknown god.
  1476 | D:2      | Gained mutation: Your demonic aura often causes spilled
                  | blood to erupt in flames. [demonic ancestry]
  1476 | D:2      | Reached XP level 4. HP: 33/35 MP: 4/4
  2107 | D:3      | Identified the +6 mace "Ydwuan" {drain, *Noise rElec rC+
                  | Will+}
  2108 | D:3      | Upgraded the game from 0.32-a0-391-gce5c0aab1b to
                  | 0.32-a0-411-g744942f433
  2495 | D:3      | Gained mutation: You have large cloven feet. [demonic
                  | ancestry]
  2495 | D:3      | Reached XP level 5. HP: 42/42 MP: 5/5
  2550 | D:3      | Found a bloodstained altar of Trog.
  2855 | D:4      | Noticed a phantom
  2885 | D:4      | Killed a phantom
  2886 | D:4      | Gained mutation: You regenerate a little health from kills.
                  | [demonic ancestry]
  2886 | D:4      | Reached XP level 6. HP: 38/48 MP: 6/6
  2926 | D:4      | Found a staircase to the Ecumenical Temple.
  2947 | Temple   | Entered the Ecumenical Temple
  3039 | Temple   | Became a worshipper of Gozag Ym Sagoz the Greedy
  3356 | D:4      | Found a sparkling altar of Nemelex Xobeh.
  3372 | D:4      | Reached skill level 5 in Axes
  3376 | D:4      | Gained mutation: You have hoof-like feet. [demonic
                  | ancestry]
  3376 | D:4      | Reached XP level 7. HP: 24/55 MP: 7/7
  3664 | D:5      | Entered Level 5 of the Dungeon
  3879 | D:5      | Reached skill level 5 in Fighting
  3879 | D:5      | HP: 2/56 [burnt (5)]
  3880 | D:5      | Incinerated by a bombardier beetle

Illustrated notes

Levels and vault maps discovered:
D:1:      nagdon_arrival_double_spiral, layout_basic, serial_co_window_serial,
          co_window_paths_b, co_window_paths_a, co_window_paths_a,
          co_window_paths_b, co_window_paths_a, co_window_of_opportunity_a,
          co_window_of_opportunity_a, co_window_unsneaky_path_b,
          co_window_broadway_c, co_window_of_opportunity_c,
          co_window_of_opportunity_c, glass_columns_a, glass_columns_c,
          glass_columns_a, glass_columns_a,
          shapermc_ecumenical_altar_mp_vishouse
D:2:      minmay_chambers_of_twos, layout_basic, basic_altar
D:3:      layout_rooms, trog_book, corexii_hall_statues_x,
          kennysheep_cross_bottleneck, grunt_decor_mini_mirrors
D:4:      layout_loops_ring, amcnicky_altar_gilded,
          minmay_temple_entry_statues_fountains
D:5:      dreamdust_elfheim, layout_basic, nicolae_ashenzari_skybound,
          serial_bayou_lagoon_a, amcnicky_mini_rare_corridor_liquid
Temple:   compressed_dpeg_circular_temple

Skill      XL: |  1  2  3  4  5  6  7 |
---------------+----------------------+-----
Axes           | 2 3 4 5 |  5.5
Dodging        | 1 2 3 |  3.4
Fighting       | 4 5 |  5.0
Armour         | |  2.6
Shields        | |  2.6

Action                     |  1- 3 |  4- 6 |  7- 9 || total
---------------------------+-------+-------+-------++-------
  Melee: War axe           |    96 |   140 |    38 ||   274
         Kick              |       |     1 |       ||     1
    Use: Scroll            |       |     7 |     2 ||     9
         Potion            |       |       |     1 ||     1
 Armour: Scale mail        |    74 |    14 |       ||    88
         Ring mail         |       |    83 |    18 ||   101
  Dodge: Dodged            |    37 |    61 |    22 ||   120
  Block: Buckler           |    17 |    33 |     6 ||    56

Table legend: (Time is in decaauts)
 A = Elapsed time spent in this place.
 B = Non-inter-level travel time spent in this place.
 C = Inter-level travel time spent in this place.
 D = Time resting spent in this place.
 E = Time spent auto-exploring this place.
 F = Levels seen in this place.
 G = Mean time per level.
                   A        B        C        D        E       F      G
               +--------+--------+--------+--------+--------+-----+--------+
         Total |   4053 |   3930 |    123 |      0 |   3153 |   6 |  675.5 |
       Dungeon |   3956 |   3833 |    123 |      0 |   3153 |   5 |  791.2 |
        Temple |     96 |     96 |      0 |      0 |      0 |   1 |   96.0 |
               +--------+--------+--------+--------+--------+-----+--------+

Top non-repeatable levels by time:
     D:1: 1308 daAuts
     D:4: 925 daAuts
     D:2: 918 daAuts
     D:3: 580 daAuts
     D:5: 223 daAuts
  Temple: 96 daAuts
